Map: Moonlight Madness LE (Void)

Players

Bryou - Winner!

  • Race: Terran Terran
  • League: Bronze

wabbajack

  • Race: Zerg Zerg
  • League: Bronze

VOD

Have the link to the VOD?

Description

Time

  • Played on: July 16, 2015, 3:25 p.m.
  • Length: 7:48
Show
View Real Time Build Order
Export as new Build Order

Bryou Terran - Winner!

Build Orders: MMM Bio 

Get SALT Encoding   

  12  0:01  SCV  
  13  0:13  SCV  
  14  0:20  Supply Depot  
  14  0:25  SCV  
  15  0:44  Barracks  
  15  0:47  SCV  
  16  0:59  SCV  
  17  1:05  Supply Depot  
  17  1:11  SCV  
  18  1:33  Command Center  
  18  1:38  Orbital Command  
  18  1:41  Marine  
  19  1:49  Refinery  
  19  2:01  Marine  
  19  2:05  SCV  
  21  2:11  Refinery  
  21  2:17  SCV  
  21  2:20  Marine  
  24  2:30  SCV  
  24  2:38  Marine  
  24  2:42  SCV  
  26  2:50  Factory  
  26  2:54  SCV  
  26  2:55  Orbital Command, Marine  
  28  3:06  SCV, Barracks  
  28  3:07  Barracks  
  29  3:18  SCV  
  31  3:21  Barracks Tech Lab  
  30  3:30  SCV x2  
  32  3:35  Factory Reactor  
  32  3:42  SCV x2  
  32  3:43  Stimpack  
  32  3:45  Marauder  
  36  3:53  Barracks Reactor  
  36  3:54  SCV x2  
  38  3:59  Barracks Reactor  
  38  4:05  Marine  
  38  4:06  SCV x2  
  41  4:16  Supply Depot  
  41  4:18  SCV x2, Widow Mine  
  41  4:19  Widow Mine  
  41  4:24  Marauder  
  49  4:30  SCV  
  49  4:31  SCV, Supply Depot  
  51  4:38  Supply Depot  
  51  4:42  SCV  
  51  4:43  Marine x4  
  51  4:44  Supply Depot  
  51  4:45  Marine  
  57  4:47  Command Center  
  36  5:01  Marine  
  36  5:02  Marine x4  
  40  5:08  SCV  
  41  5:19  Marine  
  41  5:20  SCV x2, Marine  
  41  5:21  Marine  
  46  5:37  Marine x3  
  46  5:38  Marine  
  46  5:39  Marine  
  51  5:46  Combat Shields  
  51  5:53  SCV  
  51  5:55  Widow Mine, Marine x3  
  51  5:56  Marine x2  
  59  6:04  Starport  
  59  6:06  Orbital Command  
  59  6:12  Marine x3  
  59  6:14  Marine x2  
  64  6:30  Marine x2  
  66  6:34  Marine  
  66  6:35  Marine x2  
  69  6:46  SCV  
  69  6:47  SCV x2  
  72  6:48  Marine x2  
  72  6:52  Marine  
  72  6:53  Marine x2  
  77  6:56  Medivac  
  79  7:06  Marine  
  73  7:21  Marine x2  
  76  7:24  Marine  
Show
View Real Time Build Order
Export as new Build Order

wabbajack Zerg 

Build Orders: Hatch First, Zergling Baneling 

Get SALT Encoding   

  12  0:01  Drone  
  13  0:13  Overlord  
  13  0:18  Drone  
  14  0:24  Extractor  
  14  0:25  Drone  
  15  0:34  Drone  
  16  0:36  Drone  
  17  0:56  Hatchery  
  16  0:58  Extractor  
  16  0:59  Drone  
  16  1:03  Drone  
  17  1:20  Spawning Pool  
  16  1:28  Drone x2  
  16  1:29  Drone  
  19  1:58  Drone  
  19  1:59  Drone  
  21  2:07  Metabolic Boost  
  21  2:08  Queen  
  23  2:09  Queen  
  23  2:10  Zergling x2  
  26  2:17  Drone x2  
  26  2:21  Overlord  
  28  2:30  Extractor  
  28  2:31  Extractor  
  28  2:33  Drone x2, Extractor  
  28  2:35  Drone  
  28  2:43  Pneumatized Carapace  
  30  2:56  Drone x2  
  30  2:57  Drone  
  33  2:58  Overlord  
  33  3:04  Baneling Nest  
  32  3:07  Drone  
  32  3:08  Drone  
  34  3:26  Zergling x2  
  36  3:27  Zergling x10  
  36  3:28  Zergling x4  
  36  3:32  Overlord  
  42  3:35  Drone  
  42  3:36  Drone  
  44  3:41  Overlord  
  44  3:59  Baneling x2  
  44  4:00  Baneling x6  
  44  4:03  Zergling x4  
  38  5:20  Drone  
  38  5:21  Drone x14  
  53  5:28  Extractor  
  53  5:29  Overlord  
  53  5:30  Extractor  
  53  5:35  Lair  
  51  5:37  Hatchery x2  
  51  5:39  Evolution Chamber, Spore Crawler  
  51  5:41  Evolution Chamber  
  46  5:42  Baneling  
  46  5:43  Baneling x5  
  46  5:44  Hatchery  
  45  5:54  Spore Crawler  
  45  5:55  Spore Crawler  
  43  6:02  Spine Crawler  
  42  6:08  Drone x3  
  42  6:09  Drone, Spine Crawler  
  45  6:13  Drone x4  
  45  6:14  Drone  
  45  6:15  Drone, Overlord  
  50  6:34  Burrow  
  50  6:41  Hydralisk Den  
  49  6:47  Roach Warren  
  49  6:49  Queen  
  50  6:56  Drone  
  50  6:58  Drone  
  50  7:17  Zergling x2  
  50  7:18  Zergling x20  
Tags
 
Add a new tag
Caveats
  • Supply blocks, unpowered buildings, or Contaminate may cause inaccurate times.
  • Supply counts are checked every 10 seconds.